 Dungeon Crawl Stone Soup version 0.29.0-4-gdea44cf6ec (webtiles) character file.

Game seed: 2291314522101867803

91 Shayle the Sneak (level 4, -3/27 HPs)
             Began as a Tengu Brigand on Aug 28, 2022.
             Killed by divine providence
             ... invoked by an orc priest
              (12 damage)
             ... on level 3 of the Dungeon.
             The game lasted 00:04:09 (2086 turns).

Shayle the Sneak (Tengu Brigand)                    Turns: 2086, Time: 00:04:09

Health: -3/27      AC:  4    Str: 11    XL:     4   Next: 59%
Magic:  7/7        EV: 12    Int: 13    God:
Gold:   124        SH:  0    Dex: 16    Spells: 5/5 levels left

rFire   . . .      SeeInvis .   h - +3 dagger
rCold   . . .      Faith    .   (no shield)
rNeg    . . .      Spirit   .   b - +0 robe
rPois   +          Reflect  .   (helmet restricted)
rElec   .          Harm     .   t - +0 cloak {rPois}
rCorr   .          Rampage  .   n - +0 pair of gloves
Will    .....                   (boots unavailable)
Stlth   +++.......              (no amulet)
HPRegen 0.09/turn               (no ring)
MPRegen 0.10/turn               (no ring)

@: lethally poisoned (-3 -> -11)
A: beak, talons 3
a: no special abilities


You were on level 3 of the Dungeon.
You visited 1 branch of the dungeon, and saw 3 of its levels.

You collected 124 gold pieces.

Inventory:

Hand Weapons
 a - a +2 dagger
 h - a +3 dagger (weapon)
 k - a +1 dagger of distortion
 r - a +2 vampiric dagger
 s - a +4 quarterstaff of chaos
Missiles
 d - 9 poisoned darts (quivered)
 e - 3 curare-tipped darts
 o - 3 throwing nets
Armour
 b - a +0 robe (worn)
 c - a +0 cloak
 n - a +0 pair of gloves (worn)
 t - a +0 cloak of poison resistance (worn)
Jewellery
 l - a +4 ring of evasion
 m - a +4 ring of evasion
Scrolls
 g - 2 scrolls of blinking
 i - a scroll of teleportation
 u - a scroll of enchant armour {unknown}
 v - 2 scrolls of vulnerability {unknown}
Potions
 f - 2 potions of might {unknown}
 j - a potion of mutation {unknown}
 p - a potion of curing {unknown}
 q - 2 potions of degeneration {unknown}


   Skills:
 + Level 2.7 Fighting
 + Level 2.9 Short Blades
 - Level 2.0 Throwing
 + Level 2.2 Dodging
 + Level 4.4 Stealth
 + Level 1.3 Spellcasting


You had 5 spell levels left.
You didn't know any spells.
Your spell library contained the following spells:

 Spells                   Type           Power      Damage    Failure   Level
 Beastly Appendage        Tmut           0%         N/A       26%         1
 Wereblood                Tmut           0%         N/A       38%         2
 Spider Form              Tmut/Pois      0%         N/A       63%         3


Dungeon Overview and Level Annotations

Branches:
Dungeon (3/15)

Altars:

Shops:
D:2 :


Innate Abilities, Weirdness & Mutations

You have a beak for a mouth.
You have claws for feet.


Message History

You see here a scarf of shadows.
A kobold comes into view. It is wielding a +0 dagger.
The helpless kobold fails to defend itself.
You impale the kobold!!
You kill the kobold!
You see here a +0 dagger.
Found a cloak.
A worm comes into view.
You see here a +2 helmet.
You barely miss the worm. You claw the worm!
The worm is heavily wounded.
You hit the worm.
The worm is almost dead.
The worm bites you but does no damage.
You hit the worm.
You kill the worm!
You open the door.
There is an open door here.
Found a stone staircase leading up.
Found a stone staircase leading down.
There is a stone staircase leading up here.
An orc comes into view.
It is wielding a +2 trident of venom. 2 orcs come into view.
An orc comes into view. It is wielding a +2 whip of freezing.
The orc shouts! x2; You hear a shout!
An orc priest comes into view. It is wielding a +0 whip.
The orc barely misses you.
You hit the orc.
The orc is heavily wounded.
The orc attacks as you move away!
The orc hits you with a +2 trident of venom!
You are poisoned.
You feel very sick. The orc misses you. The orc attacks as you move away!
The orc hits you with a +0 dagger.
You feel sick.
The orc priest looks satisfied for a moment.
You feel sick.
The orc priest mumbles some strange prayers to Beogh against you.
Beogh smites you!
You die...

#.....#.......^.#####.#
#.#....##.#.........#...#
#......# ###.#.###.#.#.#
#####'## ...........#.#
#.....# ##..#.###.###..
#.....###....... #.###.##
#####.##..##.#.# #.....#
#.##.###.#.#..........
#.##<@o.##.#.#.#######
#....##.##.#.#.#
#..###..oo.# ..#
#.......#o....##
....###.##o..#.#
>........ ...#.
#########. ..... #.
###### #.


You could see an orc priest and 3 orcs.

Vanquished Creatures
  Crazy Yiuf (D:2)
  A worm (D:3)
  7 ball pythons
  4 bats
  5 endoplasms
  3 giant cockroaches
  9 goblins
  4 hobgoblins
  7 kobolds
  5 quokkas
  4 frilled lizards
  4 rats
54 creatures vanquished.

Notes
Turn   | Place    | Note
-------+----------+-------------------------------------------
     0 | D:1      | Shayle the Tengu Brigand began the quest for the Orb.
     0 | D:1      | Reached XP level 1. HP: 12/12 MP: 2/2
   148 | D:1      | Reached XP level 2. HP: 12/17 MP: 3/3
   675 | D:1      | Reached XP level 3. HP: 13/21 MP: 5/5
  1123 | D:2      | Reached skill level 1 in Spellcasting
  1124 | D:2      | Found Veocot's Book Shop.
  1550 | D:2      | Found a runed translucent door.
  1551 | D:2      | Noticed Crazy Yiuf
  1558 | D:2      | Killed Crazy Yiuf
  1559 | D:2      | Reached XP level 4. HP: 27/27 MP: 6/6
  2086 | D:3      | Killed from afar by an orc priest

Illustrated notes

Levels and vault maps discovered:
D:1:      heliophobic_arrival_battle_scene, layout_rooms, minmay_misc_feat_tiny,
          dreamdust_princess_corridor, hangedman_decor_clover_reticule
D:2:      layout_basic, serial_shops, nicolae_lakefront_shop,
          uniq_crazy_yiuf_cottage
D:3:      layout_basic, nemelex_altar_shiori, hangedman_glass_teeth,
          hangedman_decor_push, kennysheep_generic_room_2

Skill      XL: |  1  2  3 |
---------------+----------+-----
Spellcasting   | 1 |  1.3
Dodging        | 2 |  2.2
Fighting       | |  2.7
Short Blades   | |  2.9
Throwing       | |  2.0
Stealth        | |  4.4

Action                   |  1- 3 |  4- 6 || total
-------------------------+-------+-------++-------
Melee: Dagger            |    78 |    15 ||    93
       Kick              |    15 |     1 ||    16
       Peck              |     7 |     1 ||     8
  Use: Scroll            |       |     2 ||     2
 Stab: Sleeping          |    15 |     4 ||    19
Armor: Robe              |    11 |     2 ||    13
Dodge: Dodged            |    32 |     5 ||    37
